 Dungeon Sprint DCSS version 0.28-a0-79-g444c7a33f5 (webtiles) character file.

Game seed: 7938295208577122310

2436 Zeldest the Martial Artist (level 9, -1/74 HPs)
             Began as a Demonspawn Transmuter on Aug 2, 2021.
             Was an Elder of Cheibriados.
             Slain by Joseph (3 damage)
             ... in the Dungeon (Sprint IX: "|||||||||||||||||||||||||||||").
             The game lasted 00:02:15 (181 turns).

Zeldest the Martial Artist (Demonspawn Transmuter)   Turns: 181, Time: 00:02:16

Health: -1/74      AC: 10    Str: 25    XL:     9   Next: 24%
Magic:  16/16      EV: 17    Int: 24    God:    Cheibriados [****..]
Gold:   0          SH:  6    Dex: 23    Spells: 9/12 levels left

rFire   . . .      SeeInvis .     - Unarmed
rCold   . . .      Faith    .   (no shield)
rNeg    . . .      Spirit   .   j - +1 scale mail
rPois   .          Reflect  .   i - +0 helmet
rElec   .          Harm     .   (no cloak)
rCorr   .          Rampage  .   (no gloves)
Will    .....      NoTele   +   (no boots)
Stlth   +.........              (no amulet)
HPRegen 0.22/turn               k - +2 ring of evasion
MPRegen 0.15/turn               l - +3 ring of strength

@: very slow
A: large bone plates 2, demonic magic 1
a: Renounce Religion, Bend Time, Temporal Distortion, Slouch


You were in the Dungeon.
You worshipped Cheibriados.
Cheibriados was greatly pleased with you.
You visited 1 branch

Inventory:

Armour
 a - a +0 robe
 i - a +0 helmet (worn)
 j - a +1 scale mail (worn)
Jewellery
 k - a +2 ring of evasion (left hand)
 l - a +3 ring of strength (right hand)
Scrolls
 f - 2 scrolls of amnesia
 g - 2 scrolls of blinking
Potions
 b - 5 potions of curing
 c - 2 potions of heal wounds
 d - a potion of invisibility
 e - 4 potions of magic


   Skills:
 + Level 8.0 Fighting
 + Level 7.0 Armour
 + Level 7.2 Dodging
 + Level 11.7 Unarmed Combat
 - Level 2.0 Spellcasting
 + Level 7.3 Transmutations
 + Level 10.1 Invocations


You had 9 spell levels left.
You knew the following spells:

 Your Spells              Type           Power      Damage    Failure   Level
a - Beastly Appendage     Tmut           74%        N/A       1%          1
b - Wereblood             Tmut           37%        N/A       1%          2

Your spell library contained the following spells:

 Spells                   Type           Power      Damage    Failure   Level
 Spider Form              Tmut/Pois      9%         N/A       17%         3
 Ice Form                 Ice/Tmut       19%        N/A       50%         4


Dungeon Overview and Level Annotations

Branches:
Dungeon (1/1)

Altars:
Cheibriados
Dithmenos
Elyvilon
Fedhas
Gozag
Hepliaklqana
Kikubaaqudgha
Makhleb
Nemelex Xobeh
Okawaru
Qazlal
Ru
Sif Muna
Trog
Uskayaw
Vehumet
Wu Jian
Xom
Yredelemnul
Zin
The Shining One
Beogh
Jiyva
Lugonu

Annotations:
D Joseph


Innate Abilities, Weirdness & Mutations

You are mostly covered in large bone plates. (SH +6)
Spells you cast may paralyse adjacent enemies.


Message History

Joseph says, "I've waited for this moment for such a long time."
Joseph shoots a sling bullet.
The sling bullet barely misses you.
Joseph shoots a sling bullet.
The sling bullet hits you!
Joseph shoots a sling bullet.
The sling bullet barely misses you.
Joseph shoots a sling bullet.
The sling bullet misses you.
Joseph unwields a +0 hunting sling.
Joseph wields a +1 vorpal quarterstaff.
Joseph hits you with a +1 vorpal quarterstaff!
* * * LOW HITPOINT WARNING * * *
You hit Joseph but do no damage. You punch Joseph, but do no damage.
Joseph hits you with a +1 vorpal quarterstaff.
* * * LOW HITPOINT WARNING * * *
x2 You hit Joseph.
You punch Joseph.
Joseph is lightly wounded.
Joseph barely misses you.
Okay, then.
Okay, then.
Aiming: Corrosive Bolt
Press: ? - help, Shift-Dir - straight line, f - Joseph
Aim: Joseph, wielding a +1 vorpal quarterstaff, wearing a +0 leather armour and quivering sling bullets (lightly wounded, 71% to hit)
The bolt of acid misses Joseph.
You block Joseph's attack.
Aiming: Corrosive Bolt
Press: ? - help, Shift-Dir - straight line, f/p - Joseph
Aim: Joseph, wielding a +1 vorpal quarterstaff, wearing a +0 leather armour and quivering sling bullets (lightly wounded, 71% to hit)
The bolt of acid hits Joseph!
Joseph is splashed with acid.
The acid corrodes Joseph!
Joseph is moderately wounded.
Joseph closely misses you.
Aiming: Corrosive Bolt
Press: ? - help, Shift-Dir - straight line, f/p - Joseph
Aim: Joseph, wielding a +1 vorpal quarterstaff, wearing a +0 leather armour and quivering sling bullets (moderately wounded, covered in acid, 71% to hit)
The bolt of acid hits Joseph!
Joseph is splashed with acid.
Joseph seems to be corroded for longer.
Joseph is heavily wounded.
The now-empty wand crumbles to dust.
Joseph hits you with a +1 vorpal quarterstaff!
* * * LOW HITPOINT WARNING * * *
x2 You hit Joseph.
You punch Joseph!
Joseph is severely wounded.
Joseph hits you with a +1 vorpal quarterstaff.
You die...

▓_▓
▓_▓.▓
▓_▓.▓
▓_▓.▓
▓_▓.▓
▓_▓.▓
▓'▓.▓
▓.▓@▓
▓.▓@▓
▓)▓.▓
▓.▓.▓
▓.▓.▓
▓[▓.▓
▓.▓.▓
▓.▓.▓
▓.▓.▓
▓)▓.▓


You could see Joseph (corroded).

Vanquished Creatures
  A two-headed ogre (D)
  A cyclops (D)
  2 manticores (D)
  A slime creature (D)
  A wraith (D)
  A yak (D)
  An ogre (D)
  A wight (D)
  A hound (D)
  2 orc wizards (D)
  2 orcs (D)
  A ball python (D)
  A bat zombie (D)
  A ball python zombie (D)
  A bat (D)
  2 frilled lizards (D)
  A giant cockroach zombie (D)
  A kobold (D)
22 creatures vanquished.

Notes
Turn   | Place    | Note
-------+----------+-------------------------------------------
     0 | D        | Zeldest the Demonspawn Transmuter began the quest for the
                  | Orb.
     0 | D        | Reached XP level 1. HP: 15/15 MP: 3/3
    12 | D        | Reached skill level 3 in Unarmed Combat
    22 | D        | Reached skill level 4 in Unarmed Combat
    27 | D        | Noticed a hound
    27 | D        | Noticed an orc wizard
    27 | D        | Noticed an ogre
    33 | D        | Killed a hound
    34 | D        | Reached skill level 6 in Unarmed Combat
    34 | D        | Gained mutation: You are partially covered in large bone
                  | plates. (SH +4) [demonic ancestry]
    34 | D        | Reached XP level 2. HP: 6/21 MP: 3/5
    34 | D        | Reached XP level 3. HP: 8/26 MP: 3/6
    36 | D        | Reached skill level 7 in Unarmed Combat
    37 | D        | Killed an ogre
    38 | D        | Reached skill level 9 in Unarmed Combat
    38 | D        | Reached XP level 4. HP: 11/32 MP: 3/7
    38 | D        | Reached XP level 5. HP: 12/37 MP: 3/8
    44 | D        | Found a snail-covered altar of Cheibriados.
    44 | D        | Found a shadowy altar of Dithmenos.
    44 | D        | Found a blossoming altar of Fedhas.
    44 | D        | Found an opulent altar of Gozag.
    45 | D        | Found a hazy altar of Hepliaklqana.
    46 | D        | Found a viscous altar of Jiyva.
    47 | D        | Found an ancient bone altar of Kikubaaqudgha.
    48 | D        | Became a worshipper of Cheibriados the Contemplative
    49 | D        | Found a corrupted altar of Lugonu.
    50 | D        | Found a burning altar of Makhleb.
    51 | D        | Found a sparkling altar of Nemelex Xobeh.
    52 | D        | Found an iron altar of Okawaru.
    53 | D        | Found a stormy altar of Qazlal.
    54 | D        | Found a sacrificial altar of Ru.
    55 | D        | Found a shimmering blue altar of Sif Muna.
    56 | D        | Found a bloodstained altar of Trog.
    57 | D        | Found a hide-covered altar of Uskayaw.
    58 | D        | Found a radiant altar of Vehumet.
    59 | D        | Found an ornate altar of the Wu Jian Council.
    60 | D        | Found a shimmering altar of Xom.
    61 | D        | Found a basalt altar of Yredelemnul.
    72 | D        | Found the +10 zealot's sword {holy, *Rage rN+ EV+3}
   105 | D        | Noticed a yak
   105 | D        | Noticed a two-headed ogre
   111 | D        | Reached * piety under Cheibriados
   113 | D        | Killed a yak
   114 | D        | Reached skill level 10 in Unarmed Combat
   114 | D        | Reached XP level 6. HP: 37/47 MP: 9/9
   114 | D        | Reached ** piety under Cheibriados
   114 | D        | Killed a two-headed ogre
   115 | D        | Reached skill level 5 in Fighting
   115 | D        | Reached skill level 5 in Armour
   115 | D        | Reached skill level 5 in Dodging
   115 | D        | Reached skill level 5 in Transmutations
   115 | D        | Gained mutation: Spells you cast may paralyse adjacent
                  | enemies. [demonic ancestry]
   115 | D        | Reached XP level 7. HP: 45/57 MP: 9/12
   126 | D        | Learned a level 2 spell: Wereblood
   127 | D        | Noticed a cyclops
   127 | D        | Noticed a manticore
   127 | D        | Noticed a slime creature
   127 | D        | Noticed a manticore
   127 | D        | Noticed a wraith
   130 | D        | Killed a cyclops
   131 | D        | Reached skill level 11 in Unarmed Combat
   131 | D        | Gained mutation: You are mostly covered in large bone
                  | plates. (SH +6) [demonic ancestry]
   131 | D        | Reached XP level 8. HP: 59/65 MP: 8/14
   131 | D        | Killed a manticore
   131 | D        | Reached *** piety under Cheibriados
   133 | D        | Killed a slime creature
   136 | D        | Killed a manticore
   137 | D        | Reached XP level 9. HP: 48/74 MP: 9/16
   137 | D        | Reached **** piety under Cheibriados
   144 | D        | Reached skill level 10 in Invocations
   170 | D        | Noticed Joseph
   180 | D        | HP: 3/74 [Joseph (15)]
   181 | D        | Slain by Joseph

Illustrated notes

Levels and vault maps discovered:
D:        linesprint [early_d, line_temple, items_1, d_10, items_2, lair_1,
          lair_end, items_3, orc_1, orc_end, items_4, d_15, swamp_1, shoals_1,
          snake_1, spider_1, d_20, vaults_1, items_5, swamp_end, shoals_end,
          snake_end, spider_end, vaults_end, d_27, items_6, zot_1, zot_end,
          crypt_end, forest_end, elf_end, slime_end, tomb_end, abyss_end,
          pan_hell_end]

Skill      XL: |  1  2  3  4  5  6  7  8  9 |
---------------+----------------------------+-----
Unarmed Combat | 6 9 10 11 | 11.7
Fighting       | 3 5 6 7 8 |  8.0
Armour         | 2 5 6 7 |  7.0
Dodging        | 3 5 6 7 |  7.2
Transmutations | 3 5 6 7 |  7.3
Invocations    | 3 7 8 9 10 | 10.1
Spellcasting   | |  2.0

Action                   |  1- 3 |  4- 6 |  7- 9 || total
-------------------------+-------+-------+-------++-------
Melee: Unarmed           |    20 |     7 |    13 ||    40
       Kick              |     3 |     1 |     4 ||     8
       Headbutt          |     3 |       |     1 ||     4
       Punch             |       |       |     4 ||     4
 Cast: Beastly Appendage |     2 |       |     1 ||     3
       Wereblood         |       |       |     1 ||     1
Evoke: Wand              |       |     4 |     6 ||    10
  Use: Potion            |     2 |     1 |       ||     3
Armor: Robe              |     4 |       |       ||     4
       Scale mail        |       |     3 |     1 ||     4
Dodge: Dodged            |    11 |     6 |    15 ||    32
Block: Other             |       |       |     2 ||     2

Table legend: (Time is in decaauts)
 A = Elapsed time spent in this place.
 B = Non-inter-level travel time spent in this place.
 C = Inter-level travel time spent in this place.
 D = Time resting spent in this place.
 E = Time spent auto-exploring this place.
 F = Levels seen in this place.
 G = Mean time per level.
                   A        B        C        D        E       F      G
               +--------+--------+--------+--------+--------+-----+--------+
         Total |    215 |    215 |      0 |      0 |      0 |   1 |  215.0 |
       Dungeon |    215 |    215 |      0 |      0 |      0 |   1 |  215.0 |
               +--------+--------+--------+--------+--------+-----+--------+

Top non-repeatable levels by time:
       D: 215 daAuts
